 Dungeon Sprint DCSS version 0.27.0-1-g7a089689b8 (webtiles) character file.

Game seed: 11021681574344877783

3495 xpp the Carver (level 9, -5/139 HPs)
             Began as a Grey Draconian Berserker on July 31, 2021.
             Was an Elder of Trog.
             Slain by a skeletal warrior (18 damage)
             ... in the Dungeon (Sprint II: "The Violet Keep of Menkaure").
             The game lasted 00:15:25 (1520 turns).

xpp the Carver (Grey Draconian Berserker)           Turns: 1520, Time: 00:15:25

Health: -5/139     AC:  0    Str: 20    XL:     9   Next: 80%
Magic:  9/9        EV: 19    Int:  9    God:    Trog [****..]
Gold:   797        SH:  0    Dex: 12    Spells: 8/8 levels left

rFire    . . .     SeeInvis .   (weapon currently unavailable)
rCold    . . .     Faith    .   (shield currently unavailable)
rNeg     . . .     Spirit   .   (armour unavailable)
rPois    .         Reflect  .   (helmet currently unavailable)
rElec    .         Harm     .   (cloak currently unavailable)
rCorr    .         Rampage  .   (gloves currently unavailable)
Will     ++...     NoTele   +   (boots currently unavailable)
Stlth    ..........             (no amulet)
HPRegen  1.33/turn              (ring currently unavailable)
MPRegen  0.11/turn              (ring currently unavailable)

@: berserking, pig-form, strong-willed, regenerating, very quick
A: fast, no casting, AC +12, (amphibious), small, unfitting armour,
(cold-blooded)
a: Renounce Religion, Berserk, Trog's Hand, Brothers in Arms


You were in the Dungeon.
You worshipped Trog.
Trog was greatly pleased with you.
You were a filthy swine.
You visited 1 branch You collected 972 gold pieces.
You spent 175 gold pieces at shops.

Inventory:

Hand Weapons
 a - a +0 falchion (melded)
Armour
 h - a +1 kite shield of poison resistance (melded)
Scrolls
 i - a scroll of enchant weapon {unknown}
Potions
 d - a potion of haste
 e - 2 potions of magic
 f - a potion of berserk rage


   Skills:
 + Level 13.6 Fighting
 + Level 13.9 Long Blades
 + Level 11.5 Dodging
 * Level 4.3 Shields


You had 8 spell levels left.
You didn't know any spells.
Your spell library was empty.

Dungeon Overview and Level Annotations

Branches:
Dungeon (1/1)

Altars:
Cheibriados
Dithmenos
Hepliaklqana
Qazlal
Beogh
Jiyva

Shops:
D ::(![[==?[!:[!(

Annotations:
D exclusion: oklob plant, Kirke


Innate Abilities, Weirdness & Mutations

You are a filthy swine.
You move quickly.
Your equipment is almost entirely melded.
You are incapable of wielding weapons or throwing items.
You cannot cast spells.
((Your dull iron-grey scales are very hard. (AC +12)))
((You are amphibious.))
You cannot fit into any form of body armour.
((You are cold-blooded and may be slowed by cold attacks.))


Message History

As you close the door, it creaks loudly!
Kirke opens the door.
The skeletal warrior hits you but does no damage.
You close the door.
A skeletal warrior opens the door.
You close the door.
Kirke opens the door.
You close the door.
You recover from your berserk rage.
A skeletal warrior opens the door.
You close the door.
Kirke opens the door.
You close the door.
A skeletal warrior opens the door.
Your skin crawls.
You feel strong-willed.
The skeletal warrior splashes around in the water.
A red film seems to cover your vision as you go berserk!
You feel yourself moving faster!
You feel mighty!
Kirke points at you and mumbles some strange words.
You turn into a filthy swine.
Your +0 falchion melds into your body.
Your +1 kite shield of poison resistance melds into your body.
You no longer feel resistant to poison.
The skeletal warrior hits you from afar with a +0 trident!
You barely miss Kirke. Kirke hits you!
You hit Kirke.
Kirke is lightly wounded.
The skeletal warrior hits you from afar with a +0 trident!!
* * * LOW HITPOINT WARNING * * *
You closely miss Kirke.
Kirke is lightly wounded.
Kirke hits you!
* * * LOW HITPOINT WARNING * * *
You closely miss Kirke.
Kirke is lightly wounded.
The skeletal warrior hits you from afar with a +0 trident!
* * * LOW HITPOINT WARNING * * *
The kobold demonologist gestures wildly while chanting.
You hit Kirke.
Kirke is lightly wounded.
Kirke hits you.
* * * LOW HITPOINT WARNING * * *
The skeletal warrior hits you from afar with a +0 trident!!
You die...

##....∩.⌠.#≈##.###'###.##..#
##...∩.∩..#≈##.K##.##.#.#..#
##..∩.∩...'≈'.##'K<.'###+..##
##...∩....#≈##..##k##.#.#....
#▓▓▓▓▓▓▓###≈##.###'###.##§...
##(Yl######≈5#####.(####§§...
#(lY#D ##zK≈#.##hk#≈≈§§≈≈≈
#∩PY+.$ #@#≈##.#K##≈≈≈≈§§≈
#(..#!# #h#≈@##'##≈≈≈§§≈≈§
#[.$###§ ####≈Kh≈≈≈≈≈≈≈≈≈≈≈
##+# #≈≈ #+++#+++#≈≈≈§§§ °≈°≈
≈≈°≈°≈≈ °○≈8≈≈≈≈°+
○○≈≈≈○≈°≈## ##≈≈°≈≈≈°##
####+####


You could see Kirke, a skeletal warrior, a kobold demonologist and a quasit
(summoned).

Vanquished Creatures
  A yaktaur captain (D)
  2 boulder beetles (D)
  A centaur warrior (D)
  2 wyverns (D)
  Menkaure (D)
  A vampire mosquito (D)
  4 scorpions (D)
  3 worms (D)
15 creatures vanquished.

Vanquished Creatures (others)
  A water moccasin (D)
1 creature vanquished.

Grand Total: 16 creatures vanquished

Notes
Turn   | Place    | Note
-------+----------+-------------------------------------------
     0 | D        | xpp the Draconian Berserker began the quest for the Orb.
     0 | D        | Reached XP level 1. HP: 19/19 MP: 1/1
     1 | D        | Noticed a boulder beetle
     1 | D        | Noticed a boulder beetle
     5 | D        | Noticed a wyvern
     5 | D        | Noticed a wyvern
    67 | D        | Noticed a scorpion
    67 | D        | Noticed a scorpion
    67 | D        | Noticed a scorpion
    67 | D        | Noticed a scorpion
    75 | D        | Killed a scorpion
    75 | D        | Reached ** piety under Trog
    76 | D        | Reached skill level 5 in Fighting
    76 | D        | Reached skill level 5 in Long Blades
    76 | D        | Reached XP level 2. HP: 18/30 MP: 2/2
    76 | D        | Reached XP level 3. HP: 22/37 MP: 3/3
    77 | D        | Killed a scorpion
    78 | D        | Reached skill level 5 in Dodging
    78 | D        | Reached XP level 4. HP: 14/45 MP: 4/4
    94 | D        | Killed a water moccasin
   352 | D        | Killed a scorpion
   353 | D        | Reached XP level 5. HP: 53/53 MP: 5/5
   422 | D        | Killed a wyvern
   422 | D        | Reached *** piety under Trog
   423 | D        | Reached XP level 6. HP: 63/63 MP: 6/6
   427 | D        | Killed a wyvern
   428 | D        | Your scales start taking on a dull iron-grey colour.
   428 | D        | Reached XP level 7. HP: 71/71 MP: 7/7
   699 | D        | Killed a boulder beetle
   700 | D        | Reached XP level 8. HP: 11/82 MP: 8/8
  1036 | D        | Killed a boulder beetle
  1037 | D        | Reached skill level 10 in Dodging
  1196 | D        | Noticed an ice statue
  1200 | D        | Reached **** piety under Trog
  1221 | D        | Found Ezigyal's Weapon Shop.
  1221 | D        | Found Ijissus's Book Boutique.
  1221 | D        | Found Unija's Distillery.
  1221 | D        | Found Xax Qole's Distillery.
  1222 | D        | Found Moisutiusk's Armour Shop.
  1222 | D        | Found Oblief's Magic Scroll Boutique.
  1222 | D        | Found Yrelutt's Jewellery Shop.
  1222 | D        | Found Boshriu's Jewellery Boutique.
  1238 | D        | Found a hazy altar of Hepliaklqana.
  1238 | D        | Found a snail-covered altar of Cheibriados.
  1239 | D        | Found a stormy altar of Qazlal.
  1239 | D        | Found a viscous altar of Jiyva.
  1239 | D        | Found a shadowy altar of Dithmenos.
  1281 | D        | Found Lalerepn's Antique Armour Boutique.
  1281 | D        | Found Giwiteps's Distillery.
  1282 | D        | Found Demig's Armour Shop.
  1282 | D        | Found Soshyqon's Antique Armour Boutique.
  1283 | D        | Found Jocos's Antique Weapon Shop.
  1283 | D        | Noticed Menkaure
  1283 | D        | Noticed an oklob plant
  1305 | D        | Killed Menkaure
  1306 | D        | Reached XP level 9. HP: 92/92 MP: 9/9
  1342 | D        | Found Xaecwyu's Book Shoppe.
  1342 | D        | Found Zomood's Book Boutique.
  1358 | D        | Noticed a fire dragon
  1381 | D        | Bought a +1 kite shield of poison resistance for 175 gold
                  | pieces
  1402 | D        | Reached skill level 1 in Shields
  1417 | D        | Noticed an elephant
  1417 | D        | Noticed a centaur warrior
  1417 | D        | Noticed Kirke
  1417 | D        | Noticed a skeletal warrior
  1417 | D        | Noticed a kobold demonologist
  1417 | D        | Noticed a yaktaur captain
  1457 | D        | Killed a centaur warrior
  1463 | D        | HP: 2/139 [yaktaur captain (10)]
  1468 | D        | Killed a yaktaur captain
  1469 | D        | Noticed a lindwurm
  1520 | D        | Slain by a skeletal warrior

Illustrated notes

Levels and vault maps discovered:
D:        the_violet_keep_of_menkaure [sprint2_stairs_cluster_1,
          sprint2_shoproom, sprint2_temple, sprint2_basic_supplies,
          sprint2_obstacle_2, sprint2_obstacle_1, sprint2_obstacle_5,
          sprint2_obstacle_7, sprint2_obstacle_4, sprint2_timed_cluster_1,
          sprint2_smallroom_cluster_1, sprint2_smallroom_final_cluster_1,
          sprint2_transparent_cluster_1, sprint2_second_timed_cluster_1,
          sprint2_sniper_area_1, sprint2_heavy_combat_area_1,
          sprint2_mutation_trap_area_1, sprint2_forest_area_1,
          sprint2_light_combat_area_1, sprint2_behind_water_1,
          sprint2_near_end_vault_1]

Skill      XL: |  1  2  3  4  5  6  7  8  9 |
---------------+----------------------------+-----
Dodging        | 4 5 6 7 8 9 10 11 | 11.5
Fighting       | 5 6 7 9 11 12 13 | 13.6
Long Blades    | 5 6 8 9 11 12 13 | 13.9
Shields        | 4 |  4.3

Action                   |  1- 3 |  4- 6 |  7- 9 || total
-------------------------+-------+-------+-------++-------
Melee: Falchion          |    11 |    17 |    89 ||   117
       Tailslap          |     2 |     4 |    24 ||    30
       Unarmed           |       |       |     5 ||     5
Invok: Berserk           |     2 |     2 |     8 ||    12
       Trog's Hand       |       |       |     5 ||     5
  Use: Potion            |       |       |     2 ||     2
       Scroll            |       |       |     1 ||     1
Armor: Skin              |       |     2 |    28 ||    30
Dodge: Dodged            |     2 |    14 |    43 ||    59
Block: Kite shield       |       |       |    24 ||    24
       Rpst.: Falchion   |     2 |     3 |    13 ||    18
